 Dungeon Crawl Stone Soup version 0.18-a0-27-g1f73fa3 (webtiles) character file.

2099 Ordine the Carver (level 9, -5/54 HPs)
             Began as a High Elf Skald on Nov 4, 2015.
             Splashed by a jelly's acid (8 damage)
             ... on level 5 of the Dungeon.
             The game lasted 00:28:03 (8419 turns).

Ordine the Carver (High Elf Skald)                  Turns: 8419, Time: 00:28:03

Health: -5/54      AC: -15   Str: 11    XL:     9   Next: 7%
Magic:  14/14      EV: 11    Int: 20    God:
Gold:   355        SH:  0    Dex: 15    Spells: 5 memorised, 3 levels left

rFire  . . .     SeeInvis .     a - +1 falchion
rCold  . . .     Clarity  .     b - +0 leather armour
rNeg   . . .     SustAt   .     (no shield)
rPois  .         Gourm    .     k - +0 helmet
rElec  .         Spirit   .     f - +2 cloak {MR+}
rCorr  .         Warding  .     p - +0 pair of gloves
rMut   .         Stasis   .     (no boots)
MR     +....                    (no amulet)
Stlth  +.........               (no ring)
                                (no ring)

@: infused, corroded equipment, somewhat resistant to hostile enchantments, very
unstealthy
A: no striking features
a: no special abilities


You were on level 5 of the Dungeon.
You were hungry.

You visited 2 branches of the dungeon, and saw 7 of its levels.
You also visited: Ossuary.

You collected 355 gold pieces.

Inventory:

Hand Weapons
 a - a +1 falchion (weapon)
Armour
 b - a +0 leather armour (worn)
 f - a +2 cloak of magic resistance (worn)
 h - a +0 buckler
 k - a +0 helmet (worn)
 p - a +0 pair of gloves (worn)
Scrolls
 e - 6 scrolls of remove curse
 g - 2 scrolls of enchant armour
 o - 4 scrolls of teleportation
Potions
 s - a potion of flight
 t - 2 potions of agility {unknown}
Books
 c - a book of Battle

   Spells                             Type                      Level
   a - Infusion                       Charms                       1
   b - Shroud of Golubria             Charms/Translocation         2
   c - Song of Slaying                Charms                       2
   d - Spectral Weapon                Hexes/Charms                 3
   e - Regeneration                   Charms/Necromancy            3
 l - a book of Hinderance

   Spells                             Type                      Level
   a - Confusing Touch                Hexes                        2
   b - Confuse                        Hexes                        3
   c - Gell's Gravitas                Hexes/Translocation          3
   d - Petrify                        Transmutation/Earth          4
   e - Metabolic Englaciation         Hexes/Ice                    5
Comestibles
 d - 6 bread rations
 i - 2 beef jerkies
 m - a meat ration


   Skills:
 - Level 2.0 Fighting
 * Level 11.6 Long Blades
 - Level 0.8 Armour
 - Level 1.1 Dodging
 - Level 3.0 Spellcasting
 + Level 8.8 Charms


You had 3 spell levels left.
You knew the following spells:

 Your Spells              Type           Power        Failure   Level  Hunger
a - Infusion              Chrm           #####.       1%          1    None
b - Song of Slaying       Chrm           #####...     1%          2    ##.....
c - Shroud of Golubria    Chrm/Tloc      ###.......   6%          2    ##.....
d - Regeneration          Chrm/Necr      ###.......   12%         3    ###....
e - Spectral Weapon       Hex/Chrm       ###.....     12%         3    ###....


Dungeon Overview and Level Annotations

Branches:
Dungeon (6/15)             Temple (1/1) D:5

Altars:
Ashenzari
Cheibriados
Dithmenos
Elyvilon
Fedhas
Gozag
Kikubaaqudgha
Makhleb
Nemelex Xobeh
Qazlal
Ru
Sif Muna
Trog
Vehumet
Xom
Yredelemnul
The Shining One

Shops:
D:4 (


Message History

You hit the jelly but do no damage.
Your hands burn!
The jelly is heavily wounded.
Casting: Song of Slaying
Confirm with . or Enter, or press ? or * to list all spells.
You begin infusing your attacks with magical energy.
The jelly hits you.
You are splashed with acid!
The acid corrodes you!
The acid burns!
* * * LOW HITPOINT WARNING * * *
You are feeling hungry.
There is a stone staircase leading up here.
The jelly hits you.
* * * LOW HITPOINT WARNING * * *
You are splashed with acid!
The acid corrodes you!
The acid burns!
* * * LOW HITPOINT WARNING * * *
You climb upwards.
There is a stone staircase leading down here.
The jelly hits you.
* * * LOW HITPOINT WARNING * * *
You are splashed with acid!
The acid burns!
You die...

.....####
#.............#
#.# .....#
#..........####
#.# .....#
#..........#
#.# .....#
###..........#
#.# .....#
#............#
#.# .....#
#............#
#.# .....#
#............#
#.# .....#
###.....(J...#
#.# ######
###...@>####
#.# ####### #.#
#.# #.# #.# #.#
#.# #.# #.#


You could see a jelly.

Vanquished Creatures
  Pikel (D:5)
  Sigmund (D:3)
  An ice beast (D:6)
  2 phantoms
  A centaur (D:6)
  2 giant frogs
  A scorpion (D:6)
  3 crimson imps
  A human zombie (Ossuary)
  An orc priest (D:6)
  A centaur skeleton (D:5)
  4 hounds (D:4)
  2 jellies
  4 orc wizards
  Natasha (thrice) (D:3)
  3 worker ants
  5 big kobold zombies (Ossuary)
  2 mummies (Ossuary)
  2 hound zombies (D:5)
  3 gnolls
  8 adders
  2 shadow imps (D:5)
  2 oozes
  2 adder zombies (Ossuary)
  3 worms
  6 giant geckos
  13 orcs
  2 ball pythons
  8 bats
  3 giant cockroaches
  14 hobgoblins
  7 jackals
  2 quokkas
  5 giant newts
  10 goblins
  5 hobgoblin zombies (Ossuary)
  2 jackal skeletons (D:5)
  2 jackal zombies (Ossuary)
  11 kobolds
  10 kobold zombies (Ossuary)
  12 orc zombies (Ossuary)
  10 rats
182 creatures vanquished.

Vanquished Creatures (others)
  2 worker ants (D:5)
  2 orcs (D:5)
4 creatures vanquished.

Grand Total: 186 creatures vanquished

Notes
Turn   | Place    | Note
--------------------------------------------------------------
     0 | D:1      | Ordine the High Elf Skald began the quest for the Orb.
     0 | D:1      | Reached XP level 1. HP: 14/14 MP: 4/4
   380 | D:1      | Reached XP level 2. HP: 19/19 MP: 3/6
   397 | D:1      | Learned a level 2 spell: Song of Slaying
   400 | D:1      | Learned a level 2 spell: Shroud of Golubria
  1267 | D:2      | Reached skill level 4 in Charms
  1267 | D:2      | Reached XP level 3. HP: 21/24 MP: 1/8
  1687 | D:2      | Reached XP level 4. HP: 6/29 MP: 2/9
  2090 | D:2      | Found a stormy altar of Qazlal.
  2093 | D:2      | Noticed a fire elemental
  2094 | D:2      | Noticed a water elemental
  2094 | D:2      | Noticed an air elemental
  2102 | D:2      | Learned a level 3 spell: Regeneration
  2502 | D:3      | Noticed Sigmund
  2524 | D:3      | Killed Sigmund
  2524 | D:3      | Reached skill level 6 in Long Blades
  2524 | D:3      | Reached skill level 5 in Charms
  2524 | D:3      | Reached XP level 5. HP: 11/34 MP: 0/10
  2524 | D:3      | Reached XP level 6. HP: 12/39 MP: 0/11
  2738 | D:3      | Learned a level 3 spell: Spectral Weapon
  3220 | D:3      | Noticed Natasha
  3227 | D:3      | Killed Natasha
  3309 | D:3      | Noticed Natasha
  3316 | D:3      | Killed Natasha
  3359 | D:3      | Reached skill level 7 in Long Blades
  3543 | D:3      | Found a faded altar to an unknown god.
  3792 | D:3      | Noticed Natasha
  3802 | D:3      | Killed Natasha
  4137 | D:3      | Found a burning altar of Makhleb.
  4275 | D:3      | Reached XP level 7. HP: 25/45 MP: 7/12
  4528 | D:4      | Found Bozel's Antique Weapon Boutique.
  4761 | D:4      | Reached skill level 8 in Long Blades
  5028 | D:5      | Entered Level 5 of the Dungeon
  5098 | D:5      | Found a bloodstained altar of Trog.
  5159 | D:5      | Noticed Pikel
  5191 | D:5      | Killed Pikel
  5191 | D:5      | Reached skill level 9 in Long Blades
  5191 | D:5      | Reached XP level 8. HP: 27/50 MP: 0/13
  5319 | D:5      | Found a staircase to the Ecumenical Temple.
  5327 | Temple   | Entered the Ecumenical Temple
  5540 | D:5      | Found a bloodstained altar of Trog.
  5601 | D:5      | Reached skill level 10 in Long Blades
  5645 | D:5      | Found a sand-covered staircase.
  5650 | Ossuary  | Entered an ossuary
  6696 | D:6      | Reached skill level 11 in Long Blades
  6960 | D:6      | Found a shattered altar of Ashenzari.
  7458 | D:6      | Reached XP level 9. HP: 37/54 MP: 5/14
  7773 | D:6      | Found a radiant altar of Vehumet.
  7915 | D:6      | HP: 2/54 [orc warrior/dire flail (12)]
  8419 | D:5      | Splashed by a jelly's acid

Vault maps used:
D:1:      scummos_arrival_checkerplants, minmay_misc_feat_tiny
D:2:      nicolae_qazlal_style_of_elements, first_bread
D:3:      lemuel_coloured_pillars_altar, ecumenical_altar_1, uniq_natasha,
          uniq_sigmund
D:4:      serial_shops, shop
D:5:      kennysheep_mini_moat, minmay_temple_entry_trees, enter_ossuary_5,
          trog_hazing_becter, uniq_pikel
D:6:      old_standard_altar, lemuel_doored_altar, dk_xom_monty_hall
Temple:   chambers_temple_12
Ossuary:  ossuary_tomb_1

Action                   |  1- 3 |  4- 6 |  7- 9 || total
-------------------------+-------+-------+-------++-------
Melee: Falchion          |   119 |   206 |   457 ||   782
 Cast: Infusion          |     5 |    18 |    18 ||    41
       Song of Slaying   |     3 |     1 |     7 ||    11
       Shroud of Golubri |       |     2 |     7 ||     9
       Regeneration      |       |       |     2 ||     2
  Use: Scroll            |     4 |     5 |     7 ||    16
       Potion            |       |     2 |     1 ||     3
 Stab: Sleeping          |       |       |     1 ||     1
  Eat: Chunk             |     3 |     8 |    10 ||    21
       Fruit             |       |       |     5 ||     5
